 Dungeon Crawl Stone Soup version 0.28.0 (webtiles) character file.

Game seed: 10292960989580339058

7 Findor the Cudgeller (level 2, -1/17 HPs)
             Began as a Gargoyle Gladiator on Feb 6, 2022.
             Slain by a kobold (4 damage)
             ... on level 1 of the Dungeon.
             The game lasted 00:00:19 (113 turns).

Findor the Cudgeller (Gargoyle Gladiator)            Turns: 113, Time: 00:00:19

Health: -1/17      AC:  8    Str: 17    XL:     2   Next: 4%
Magic:  2/2        EV: 11    Int:  8    God:
Gold:   15         SH:  0    Dex: 11    Spells: 1/1 levels left

rFire   . . .      SeeInvis .   a - +0 flail
rCold   . . .      Faith    .   (no shield)
rNeg    + . .      Spirit   .   e - +0 ring mail
rPois   ∞          Reflect  .   c - +0 helmet
rElec   +          Harm     .   (no cloak)
rCorr   .          Rampage  .   (no gloves)
Will    .....                   (no boots)
Stlth   +.........              (no amulet)
HPRegen 0.05/turn               (no ring)
MPRegen 0.08/turn               (no ring)

@: no status effects
A: sickness immunity, AC +2, negative energy resistance 1, electricity
resistance, torment resistance 1, petrification resistance
a: no special abilities


You were on level 1 of the Dungeon.
You visited 1 branch of the dungeon, and saw 1 of its levels.

You collected 15 gold pieces.


Innate Abilities, Weirdness & Mutations

You are immune to sickness and miasma.
Your stone body is resilient. (AC +2)
You are immune to poison.
You resist negative energy. (rN+)
You are resistant to electric shocks. (rElec)
You are resistant to unholy torment.
You are immune to petrification.


   Skills:
 - Level 2.1 Fighting
 * Level 3.5 Maces & Flails
 - Level 1.7 Throwing
 - Level 2.4 Dodging


You had one spell level left.
You didn't know any spells.
Your spell library was empty.

Inventory:

Hand Weapons
 a - a +0 flail (weapon)
Missiles
 d - 3 throwing nets (quivered) {!f}
Armour
 b - a +0 leather armour
 c - a +0 helmet (worn)
 e - a +0 ring mail (worn)
   (You took it off a hobgoblin on level 1 of the Dungeon)


Message History

You finish putting on your +0 ring mail.
Things that are here:
a +0 dagger; a kobold corpse
Found 15 gold pieces.
You now have 15 gold pieces.
A rat comes into view.
The rat bites you but does no damage.
You closely miss the rat. The rat barely misses you.
You barely miss the rat. The rat closely misses you.
You sock the rat!
You kill the rat!
No target in view!
No target in view!
No target in view!
No target in view!
No target in view!
No target in view!
No target in view!
No target in view!
No target in view!
No target in view!
No target in view!
No target in view!
A kobold comes into view. It is wielding a +0 whip.
Found a scroll labelled UTSOAL DOSUJO.
Found a faded altar of an unknown god.
A goblin comes into view. It is wielding a +0 dagger.
The goblin shouts!
You hit the goblin. The goblin barely misses you.
You barely miss the goblin. The goblin barely misses you.
The kobold hits you but does no damage.
You closely miss the goblin. The goblin barely misses you.
The kobold barely misses you.
You closely miss the goblin. The goblin closely misses you.
The kobold hits you but does no damage. The goblin hits you but does no damage.
You closely miss the goblin. The kobold hits you but does no damage.
The goblin hits you but does no damage. The kobold closely misses you.
You closely miss the goblin. The goblin barely misses you.
The kobold hits you with a +0 whip.
You closely miss the goblin. The goblin hits you but does no damage.
The kobold closely misses you.
You miss the goblin. The goblin hits you but does no damage.
The kobold hits you with a +0 whip. The goblin hits you with a +0 dagger.
You closely miss the goblin. The kobold hits you with a +0 whip.
* * * LOW HITPOINT WARNING * * *
The goblin hits you with a +0 dagger.
* * * LOW HITPOINT WARNING * * *
The kobold barely misses you.
You closely miss the goblin. The goblin closely misses you.
The kobold hits you with a +0 whip.
You die...

....# .._ #.#.# .^ #.#.#
### #. .. ##.#.#... #.#
#. #..#.#.### #.#
#..#..#.....#
##.#.#..#..K...#...
.........@g..?....
#.######.##.#.....
#####.##...#.# ... #.. .
+............####..#
..#####...........#....
.........#......#.#.###.
.........#....###...
.........#........# .
##..........##.##.#


You could see a goblin and a kobold.

Vanquished Creatures
  2 hobgoblins (D:1)
  A kobold (D:1)
  A quokka (D:1)
  A ball python (D:1)
  A frilled lizard (D:1)
  A rat (D:1)
7 creatures vanquished.

Notes
Turn   | Place    | Note
-------+----------+-------------------------------------------
     0 | D:1      | Findor the Gargoyle Gladiator began the quest for the Orb.
     0 | D:1      | Reached XP level 1. HP: 12/12 MP: 1/1
    46 | D:1      | Reached XP level 2. HP: 15/17 MP: 2/2
   100 | D:1      | Found a faded altar of an unknown god.
   111 | D:1      | HP: 2/17 [goblin (3)]
   113 | D:1      | Slain by a kobold

Levels and vault maps discovered:
D:1:      minmay_arrival_up_and_down, layout_basic,
          ebering_ecumenical_altar_webs, minmay_distorted

Action                   || total
-------------------------++-------
Melee: Flail             ||    23
       Punch             ||     1
Armor: Leather armour    ||     3
       Ring mail         ||     8
Dodge: Dodged            ||    17
